 Dungeon Crawl Stone Soup version 0.20.1-1-g8b1a95d (webtiles) character file.

25 Gerstahl the Charmwright (level 3, 0/33 HPs)
             Began as a Naga Skald on Nov 28, 2017.
             Slain by Grinder (7 damage)
             ... while paralysed by Grinder
             ... on level 3 of the Dungeon.
             The game lasted 00:02:43 (1669 turns).

Gerstahl the Charmwright (Naga Skald)               Turns: 1669, Time: 00:02:44

Health: 0/33       AC:  2    Str: 14    XL:     3   Next: 4%
Magic:  5/6        EV:  1    Int: 13    God:
Gold:   151        SH:  0    Dex: 10    Spells: 5/6 levels left

rFire    . . .     SeeInvis +   a - +0 falchion
rCold    . . .     Gourm    .   (no shield)
rNeg     . . .     Faith    .   b - +0 leather armour
rPois    +         Spirit   .   (no helmet)
rElec    .         Reflect  .   (no cloak)
rCorr    .         Harm     .   (no gloves)
MR       .....                  (no barding)
Stlth    +.........             (no amulet)
Regen    0.2/turn               (no ring)
MPRegen  0.1/turn               (no ring)

@: paralysed, very slightly contaminated, very slow
A: see invisible, deformed body, poison resistance, slowness 2, slow metabolism
1, spit poison 1, AC +1
a: Spit Poison


You were on level 3 of the Dungeon.
You were not hungry.

You visited 1 branch of the dungeon, and saw 3 of its levels.

You collected 151 gold pieces.

Inventory:

Hand Weapons
 a - a +0 falchion (weapon)
Armour
 b - a +0 leather armour (worn)
Jewellery
 g - an uncursed amulet of the gourmand {unknown}
Scrolls
 f - 2 scrolls of blinking {unknown}
 h - a scroll of identify {unknown}
Potions
 e - a potion of flight {unknown}
Books
 c - a book of Battle

   Spells                             Type                      Level
   a - Infusion                       Charms                       1
   b - Shroud of Golubria             Charms/Translocation         2
   c - Song of Slaying                Charms                       2
   d - Spectral Weapon                Hexes/Charms                 3
   e - Regeneration                   Charms/Necromancy            3
Comestibles
 d - 2 bread rations


   Skills:
 + Level 2.8 Fighting
 + Level 2.7 Long Blades
 - Level 0.7 Armour
 - Level 1.5 Dodging
 - Level 2.0 Spellcasting
 - Level 3.0 Charms


You had 5 spell levels left.
You knew the following spells:

 Your Spells              Type           Power        Failure   Level  Hunger
a - Infusion              Chrm           #...         10%         1    ##.....


Dungeon Overview and Level Annotations

Branches:
Dungeon (2/15)

Altars:

Annotations:
D:3 Grinder


Innate Abilities, Weirdness & Mutations

You cannot wear boots.
Your serpentine skin is tough. (AC +1)
You have supernaturally acute eyesight. (SInv)
Armour fits poorly on your strangely shaped body.
Your system is resistant to poisons. (rPois)
You cover ground very slowly.
You have a slow metabolism.
You can spit poison.


Message History

Found a blue potion.
Grinder gestures at you. You resist with significant effort.
You have got your breath back.
Grinder blinks!
Casting: Infusion
Confirm with . or Enter, or press ? or * to list all spells.
You miscast Infusion.
You are very lightly contaminated with residual magic.
Nothing appears to happen.
Grinder gestures at you.
You suddenly lose the ability to move!
The ball python bites you. Grinder hits you.
You writhe in agony.
The ball python bites you but does no damage.
Grinder hits you!
You writhe in agony.
* * * LOW HITPOINT WARNING * * *
The ball python bites you.
* * * LOW HITPOINT WARNING * * *
Grinder hits you!
You die...

.#.# .#.# .#.# .
####...##.. #
#.......... #..
#..........
.....###S.......!.
#......@5.........
#...###.....###...
# #####..# #....
####


You could see Grinder and a ball python.

Vanquished Creatures
  2 dart slugs (D:1)
  A leopard gecko (D:1)
  A bat (D:1)
  3 giant cockroaches (D:1)
  A goblin (D:1)
  4 hobgoblins (D:1)
  2 ball pythons (D:1)
  A frilled lizard (D:1)
  4 rats
  A fungus (D:1)
20 creatures vanquished.

Notes
Turn   | Place    | Note
-------+----------+-------------------------------------------
     0 | D:1      | Gerstahl the Naga Skald began the quest for the Orb.
     0 | D:1      | Reached XP level 1. HP: 19/19 MP: 3/3
   521 | D:1      | Reached XP level 2. HP: 24/26 MP: 5/5
  1332 | D:1      | Reached XP level 3. HP: 33/33 MP: 6/6
  1662 | D:2      | You fall through a shaft!
  1662 | D:3      | Noticed Grinder
  1666 | D:3      | Paralysed by Grinder for 6 turns
  1669 | D:3      | Slain by Grinder

Action                   || total
-------------------------++-------
Melee: Falchion          ||    55
 Cast: Infusion          ||     1
 Abil: Spit Poison       ||    18
  Eat: Bread ration      ||     1
Armor: Leather armour    ||    15
Dodge: Dodged            ||    24
       Rpst.: Falchion   ||     8
